[ AOE2 MATCH · #506358213 ]
UnrankedSlavs vs Goths
Player's team · LOSS
[ REPLAY ANALYSIS · EXTRACTED FROM THE RECORDED GAME ]
Feudal
9:36
Castle
22:10
Imperial
—
| APM avg | 35.0 |
| APM peak | 75 |
| eAPM avg | 16.7 |
| Villagers / military | 45 / 15 |
Focus
⚔️ 34.1% · 🌾 65.9%
Knight ×5 · Militia ×5 · Skirmisher ×3 · Scorpion ×1 · Spearman ×1
Feudal
10:38
Castle
20:44
Imperial
—
| APM avg | 37.1 |
| APM peak | 62 |
| eAPM avg | 19.5 |
| Villagers / military | 54 / 45 |
Focus
⚔️ 38.6% · 🌾 61.4%
Archer ×37 · Militia ×5 · Monk ×2 · Battering Ram ×1
Match map
Initial resources + every placement click. Lines = walls · curves = elevation contours. ◆ gold · ⬟ stone · ● berries · ✦ relic · ◌ wall gap
Your base· ✓ Closed at 22:10 · 63t walls · 1 gate(s)
甜心包's base· ✓ Closed at 20:44 · 19t walls · 1 gate(s)
Smoothed initial terrain · ◌ = detected wall gap · hover for details
Inputs per minute
— LM | Gelga - - 甜心包
Build order — LM | Gelga
129 actions detected in the replay
| 0:01 | Queue | Villager (Male) |
| 0:01 | Queue | Villager (Male) |
| 0:01 | Queue | Villager (Male) |
| 0:02 | Queue | Villager (Male) |
| 0:02 | Queue | Villager (Male) |
| 0:02 | Queue | Villager (Male) |
| 0:03 | Build | House |
| 0:05 | Build | House |
| 1:22 | Queue | Villager (Male) |
| 1:46 | Build | Lumber Camp |
| 1:48 | Queue | Villager (Male) |
| 2:10 | Queue | Villager (Male) |
| 2:54 | Queue | Villager (Male) |
| 3:10 | Queue | Villager (Male) |
| 3:31 | Build | House |
| 3:34 | Build | House |
| 3:38 | Queue | Villager (Male) |
| 4:19 | Queue | Villager (Male) |
| 4:31 | Build | Mill |
| 4:40 | Queue | Villager (Male) |
| 5:07 | Queue | Villager (Male) |
| 5:45 | Queue | Villager (Male) |
| 5:46 | Queue | Villager (Male) |
| 6:03 | Queue | Villager (Male) |
| 6:04 | Research | Loom |
| 7:07 | Build | Barracks |
| 7:26 | Research | Feudal Age |
| 8:19 | Build | Barracks |
| 8:53 | Queue | Militia |
| 8:54 | Queue | Militia |
| 9:02 | Build | Mining Camp |
| 9:35 | Queue | Villager (Male) |
| 9:36 | Age | Feudal Age |
| 9:44 | Queue | Spearman |
| 10:17 | Queue | Villager (Male) |
| 10:18 | Research | Man-at-Arms (upgrade) |
| 10:36 | Queue | Militia |
| 10:41 | Build | Farm |
| 10:43 | Build | Farm |
| 10:52 | Queue | Villager (Male) |
| 10:59 | Build | Palisade Wall |
| 11:08 | Build | Palisade Wall |
| 11:10 | Build | Palisade Wall |
| 11:18 | Build | Palisade Wall |
| 11:36 | Queue | Villager (Male) |
| 11:38 | Build | Farm |
| 11:40 | Queue | Militia |
| 11:42 | Queue | Militia |
| 12:03 | Queue | Villager (Male) |
| 12:04 | Build | Farm |
| 12:08 | Build | Farm |
| 12:25 | Build | Farm |
| 12:35 | Queue | Villager (Male) |
| 12:41 | Build | Farm |
| 12:49 | Build | House |
| 12:50 | Build | House |
| 12:53 | Build | Palisade Wall |
| 12:55 | Queue | Villager (Male) |
| 13:15 | Queue | Villager (Male) |
| 13:37 | Build | Palisade Wall |
| 13:51 | Queue | Villager (Male) |
| 13:57 | Build | Archery Range |
| 14:00 | Build | Palisade Wall |
| 14:00 | Build | Palisade Wall |
| 14:10 | Queue | Villager (Male) |
| 14:12 | Research | Double-Bit Axe |
| 14:24 | Build | House |
| 14:27 | Build | Palisade Wall |
| 14:30 | Queue | Villager (Male) |
| 14:42 | Build | House |
| 14:44 | Build | Palisade Wall |
| 14:49 | Queue | Skirmisher |
| 15:00 | Queue | Villager (Male) |
| 15:03 | Queue | Skirmisher |
| 15:07 | Build | Palisade Wall |
| 15:11 | Queue | Villager (Male) |
| 15:21 | Queue | Skirmisher |
| 15:22 | Queue | Villager (Male) |
| 15:59 | Build | Palisade Wall |
| 16:22 | Queue | Villager (Male) |
| 16:30 | Build | Blacksmith |
| 16:39 | Build | Blacksmith |
| 16:50 | Research | Wheelbarrow |
| 16:53 | Build | Farm |
| 16:55 | Build | Farm |
| 17:00 | Build | Lumber Camp |
| 17:06 | Build | House |
| 17:25 | Build | Stable |
| 17:33 | Build | Palisade Wall |
| 17:37 | Build | Palisade Wall |
| 17:48 | Build | Farm |
| 17:55 | Build | Farm |
| 18:03 | Queue | Villager (Male) |
| 18:07 | Build | Farm |
| 18:10 | Build | Farm |
| 18:21 | Build | Farm |
| 18:22 | Queue | Villager (Male) |
| 18:40 | Build | Farm |
| 18:42 | Build | Farm |
| 18:49 | Queue | Villager (Male) |
| 18:59 | Build | Farm |
| 19:30 | Research | Castle Age |
| 19:30 | Research | Castle Age |
| 19:35 | Build | Stable |
| 20:37 | Build | Mining Camp |
| 20:40 | Research | Scale Barding Armor |
| 20:42 | Research | Bloodlines |
| 20:58 | Research | Forging |
| 20:59 | Research | Forging |
| 21:24 | Build | Watch Tower |
| 21:43 | Build | Gate |
| 22:06 | Queue | Villager (Male) |
| 22:10 | Age | Castle Age |
| 22:12 | Queue | Knight |
| 22:12 | Queue | Knight |
| 22:25 | Queue | Knight |
| 22:25 | Queue | Knight |
| 22:30 | Queue | Villager (Male) |
| 22:32 | Build | Siege Workshop |
| 22:35 | Queue | Villager (Male) |
| 22:58 | Queue | Villager (Male) |
| 23:16 | Queue | Villager (Male) |
| 23:20 | Queue | Knight |
| 23:26 | Queue | Scorpion |
| 23:28 | Queue | Villager (Male) |
| 23:35 | Queue | Villager (Male) |
| 23:40 | Build | Lumber Camp |
| 23:43 | Queue | Villager (Male) |
| 23:51 | Queue | Villager (Male) |
Build order — 甜心包
First 150 of 171 actions detected
| 0:00 | Queue | Villager (Male) |
| 0:01 | Queue | Villager (Male) |
| 0:01 | Queue | Villager (Male) |
| 0:02 | Build | House |
| 0:03 | Build | House |
| 0:17 | Queue | Villager (Male) |
| 0:17 | Queue | Villager (Male) |
| 1:35 | Queue | Villager (Male) |
| 1:57 | Queue | Villager (Male) |
| 1:57 | Queue | Villager (Male) |
| 1:59 | Build | Lumber Camp |
| 2:10 | Queue | Villager (Male) |
| 2:10 | Queue | Villager (Male) |
| 2:28 | Queue | Villager (Male) |
| 2:28 | Queue | Villager (Male) |
| 3:02 | Queue | Villager (Male) |
| 3:03 | Queue | Villager (Male) |
| 3:25 | Queue | Villager (Male) |
| 3:25 | Queue | Villager (Male) |
| 3:29 | Research | Loom |
| 3:29 | Queue | Villager (Male) |
| 3:30 | Queue | Villager (Male) |
| 3:55 | Build | House |
| 4:03 | Queue | Villager (Male) |
| 4:03 | Queue | Villager (Male) |
| 4:03 | Queue | Villager (Male) |
| 4:25 | Queue | Villager (Male) |
| 4:35 | Build | Barracks |
| 4:43 | Queue | Villager (Male) |
| 4:43 | Queue | Villager (Male) |
| 5:00 | Build | House |
| 5:34 | Queue | Militia |
| 5:34 | Queue | Militia |
| 5:56 | Build | House |
| 6:10 | Queue | Villager (Male) |
| 6:40 | Queue | Villager (Male) |
| 6:54 | Queue | Villager (Male) |
| 6:55 | Queue | Villager (Male) |
| 6:59 | Build | Mill |
| 7:10 | Queue | Villager (Male) |
| 8:28 | Research | Feudal Age |
| 8:37 | Build | Mining Camp |
| 9:14 | Queue | Militia |
| 9:15 | Queue | Militia |
| 9:18 | Build | House |
| 9:19 | Build | House |
| 9:23 | Build | Palisade Wall |
| 9:30 | Queue | Militia |
| 9:42 | Queue | Villager (Male) |
| 10:04 | Queue | Villager (Male) |
| 10:38 | Age | Feudal Age |
| 10:42 | Build | Archery Range |
| 10:45 | Research | Man-at-Arms (upgrade) |
| 10:45 | Research | Man-at-Arms (upgrade) |
| 10:46 | Research | Double-Bit Axe |
| 10:52 | Queue | Villager (Male) |
| 11:05 | Queue | Villager (Male) |
| 11:08 | Build | Farm |
| 11:12 | Build | Farm |
| 11:39 | Build | Farm |
| 11:51 | Queue | Villager (Male) |
| 11:52 | Queue | Archer |
| 11:52 | Queue | Archer |
| 12:02 | Build | Farm |
| 12:10 | Build | House |
| 12:12 | Build | Palisade Wall |
| 12:20 | Queue | Villager (Male) |
| 12:22 | Build | Farm |
| 12:45 | Queue | Archer |
| 13:17 | Queue | Villager (Male) |
| 13:18 | Build | Blacksmith |
| 13:29 | Queue | Villager (Male) |
| 13:31 | Queue | Archer |
| 13:39 | Queue | Villager (Male) |
| 13:45 | Queue | Villager (Male) |
| 13:47 | Build | House |
| 13:48 | Build | House |
| 13:50 | Build | Farm |
| 13:59 | Queue | Archer |
| 14:07 | Build | Farm |
| 14:18 | Research | Fletching |
| 14:21 | Build | House |
| 14:28 | Build | Farm |
| 14:35 | Build | House |
| 14:37 | Build | Palisade Wall |
| 14:50 | Queue | Villager (Male) |
| 15:06 | Build | Palisade Gate |
| 15:13 | Queue | Archer |
| 15:28 | Queue | Villager (Male) |
| 15:43 | Queue | Archer |
| 15:44 | Queue | Villager (Male) |
| 15:44 | Queue | Villager (Male) |
| 15:59 | Queue | Villager (Male) |
| 16:15 | Queue | Archer |
| 16:27 | Build | Farm |
| 16:28 | Build | Farm |
| 16:32 | Build | Farm |
| 16:41 | Build | House |
| 16:42 | Build | Palisade Wall |
| 16:52 | Build | Archery Range |
| 16:55 | Queue | Archer |
| 17:00 | Queue | Villager (Male) |
| 17:09 | Build | Mining Camp |
| 17:13 | Build | Lumber Camp |
| 17:28 | Build | House |
| 17:39 | Queue | Villager (Male) |
| 17:45 | Build | Farm |
| 17:57 | Research | Castle Age |
| 18:00 | Build | House |
| 18:02 | Research | Padded Archer Armor |
| 18:02 | Research | Padded Archer Armor |
| 18:09 | Research | Horse Collar |
| 18:09 | Research | Horse Collar |
| 18:10 | Research | Gold Mining |
| 18:16 | Queue | Archer |
| 18:16 | Queue | Archer |
| 18:23 | Queue | Archer |
| 18:36 | Build | House |
| 18:39 | Build | Farm |
| 18:42 | Build | Farm |
| 18:49 | Queue | Archer |
| 18:49 | Queue | Archer |
| 18:54 | Queue | Archer |
| 18:57 | Research | Padded Archer Armor |
| 19:00 | Build | House |
| 19:01 | Build | House |
| 19:03 | Build | House |
| 19:18 | Queue | Villager (Male) |
| 19:27 | Build | Palisade Wall |
| 19:32 | Queue | Archer |
| 19:32 | Queue | Archer |
| 19:45 | Queue | Archer |
| 19:46 | Queue | Archer |
| 20:29 | Queue | Archer |
| 20:30 | Queue | Archer |
| 20:44 | Age | Castle Age |
| 20:46 | Research | Crossbowman (upgrade) |
| 20:46 | Research | Crossbowman (upgrade) |
| 20:52 | Research | Bodkin Arrow |
| 20:55 | Build | Siege Workshop |
| 21:00 | Queue | Villager (Male) |
| 21:11 | Queue | Villager (Male) |
| 21:25 | Queue | Archer |
| 21:25 | Queue | Archer |
| 21:27 | Queue | Villager (Male) |
| 21:29 | Build | Monastery |
| 21:39 | Queue | Villager (Male) |
| 21:40 | Queue | Archer |
| 21:40 | Queue | Archer |
| 22:00 | Queue | Villager (Male) |
Match timeline
| 4:35 | 甜心包 · first_building Barracks |
| 7:07 | LM | Gelga · first_building Barracks |
| 9:23 | 甜心包 · wall_segment Palisade Wall x5 |
| 9:36 | LM | Gelga · age_up feudal |
| 10:38 | 甜心包 · age_up feudal |
| 10:42 | 甜心包 · first_building Archery Range |
| 10:59 | LM | Gelga · wall_segment Palisade Wall x13 |
| 11:08 | LM | Gelga · wall_segment Palisade Wall x1 |
| 11:10 | LM | Gelga · wall_segment Palisade Wall x1 |
| 11:18 | LM | Gelga · wall_segment Palisade Wall x1 |
| 12:12 | 甜心包 · wall_segment Palisade Wall x1 |
| 12:53 | LM | Gelga · wall_segment Palisade Wall x10 |
| 13:37 | LM | Gelga · wall_segment Palisade Wall x8 |
| 13:57 | LM | Gelga · first_building Archery Range |
| 14:00 | LM | Gelga · wall_segment Palisade Wall x1 |
| 14:00 | LM | Gelga · wall_segment Palisade Wall x1 |
| 14:27 | LM | Gelga · wall_segment Palisade Wall x4 |
| 14:37 | 甜心包 · wall_segment Palisade Wall x12 |
| 14:44 | LM | Gelga · wall_segment Palisade Wall x1 |
| 15:07 | LM | Gelga · wall_segment Palisade Wall x3 |
| 15:59 | LM | Gelga · wall_segment Palisade Wall x1 |
| 16:42 | 甜心包 · wall_segment Palisade Wall x1 |
| 17:25 | LM | Gelga · first_building Stable |
| 17:33 | LM | Gelga · wall_segment Palisade Wall x12 |
| 17:37 | LM | Gelga · wall_segment Palisade Wall x6 |
| 19:27 | 甜心包 · wall_segment Palisade Wall x1 |
| 20:44 | 甜心包 · age_up castle |
| 20:55 | 甜心包 · first_building Siege Workshop |
| 21:29 | 甜心包 · first_building Monastery |
| 22:10 | LM | Gelga · age_up castle |
| 22:32 | LM | Gelga · first_building Siege Workshop |
| 24:18 | LM | Gelga · resign |
[ AI ANALYSIS · 1 CREDIT ]
What really happened in this match?
Wolo.gg analyzes every decision: build order, eco, micro, common mistakes by bracket. Personalized analysis on WhatsApp or Discord in 30 seconds.
Civ guide
Slavs
Perfil
Jugador #1389602